 Dungeon Crawl Stone Soup version 0.31-a0-339-gda1cbd555d (webtiles) character file.

Game seed: 14364036862043185917

13132 gruber the Grappler (level 11, -7/110 HPs)
             Began as a Troll Shapeshifter on July 20, 2023.
             Was a Believer of Uskayaw.
             Mangled by a manticore (10 damage)
             ... on level 10 of the Dungeon.
             The game lasted 00:12:40 (8516 turns).

gruber the Grappler (Troll Shapeshifter)            Turns: 8516, Time: 00:12:41

Health: -7/110     AC:  8    Str: 29    XL:     11   Next: 71%
Magic:  10/10      EV: 12    Int:  4    God:    Uskayaw [**....]
Gold:   755        SH:  0    Dex: 10    Spells: 10/10 levels left

rFire   . .          .
                       - Unarmed
rCold   . . .        (no shield)
rNeg    . . .        a - +0 animal skin
rPois   .            (helmet currently unavailable)
rElec   .            w - melded scarf {repulsion}
rCorr   .            (gloves unavailable)
SInv    +            (boots unavailable)
Will    .....        (no amulet)
Stlth   +            C - ring of see invisible
HPRegen 1.18/turn    l - +4 ring of protection
MPRegen 0.12/turn

%: no passive effects
@: beast-form, spiked
A: beast (slay +2), large, unfitting armour, claws 3, regeneration 1, shaggy fur
1, tough skin 1
a: Begin Untransformation, Renounce Religion, Stomp, Line Pass


You were on level 10 of the Dungeon.
You worshipped Uskayaw.
Uskayaw was noncommittal.
You were a hulking beast.
You visited 2 branches of the dungeon, and saw 11 of its levels.
You also visited: Ossuary and Bailey.

You collected 755 gold pieces.

Inventory:

Armour
 a - a +0 animal skin (worn)
 w - a scarf of repulsion (melded)
Jewellery
 k - a ring of resist corrosion
 l - a +4 ring of protection (right claw)
 C - a ring of see invisible (left claw)
 E - an amulet of magic regeneration
 H - a +6 ring of dexterity
Talismans
 c - a beast talisman
Wands
 x - a wand of flame (5)
 F - a wand of charming (4)
 M - a wand of polymorph (3)
Scrolls
 d - 4 scrolls of teleportation {unknown}
 e - a scroll of poison {unknown}
 j - 9 scrolls of identify {unknown}
 m - 5 scrolls of immolation {unknown}
 o - 2 scrolls of amnesia {unknown}
 p - a scroll of blinking {unknown}
 q - 2 scrolls of vulnerability {unknown}
 r - 2 scrolls of enchant weapon {unknown}
 t - 2 scrolls of enchant armour {unknown}
 u - 4 scrolls of fear {unknown}
 v - a scroll of butterflies {unknown}
 y - 2 scrolls of fog {unknown}
 B - a scroll of silence {unknown}
 I - a scroll of torment {unknown}
 J - a scroll of revelation {unknown}
 L - 2 scrolls of noise {unknown}
Potions
 b - 2 potions of lignification
 f - 2 potions of might {unknown}
 g - 5 potions of curing {unknown}
 h - 2 potions of attraction {unknown}
 i - 5 potions of mutation {unknown}
 n - 2 potions of brilliance {unknown}
 s - 2 potions of degeneration {unknown}
 z - 2 potions of heal wounds {unknown}
 A - 3 potions of magic {unknown}
 D - a potion of invisibility {unknown}
 G - a potion of haste {unknown}
 K - a potion of resistance {unknown}


   Skills:
 * Level 7.7 Fighting
 - Level 8.1 Dodging
 - Level 14.0 Unarmed Combat
 - Level 3.0 Shapeshifting


You had 10 spell levels left.
You didn't know any spells.
Your spell library contained the following spells:

 Spells                   Type           Power      Damage    Failure   Level
 Summon Small Mammal      Summ           0%         N/A       50%         1
 Blink                    Tloc           0%         N/A       65%         2
 Lesser Beckoning         Tloc           0%         N/A       65%         2
 Momentum Strike          Conj/Tloc      0%         3d8       65%         2
 Poisonous Vapours        Pois/Air       0%         N/A       65%         2
 Call Canine Familiar     Summ           0%         N/A       86%         3
 Mephitic Cloud           Conj/Pois/Air  0%         N/A       86%         3
 Summon Guardian Golem    Hex/Summ       0%         N/A       86%         3
 Freezing Cloud           Conj/Ice/Air   0%         6-21      100%        5
 Summon Forest            Summ/Tloc      0%         N/A       100%        5
 Malign Gateway           Summ/Tloc      0%         N/A       100%        7
 Discord                  Hex            0%         N/A       100%        8


Dungeon Overview and Level Annotations

Branches:
Dungeon (10/15)            Temple (1/1) D:4            Lair (0/5) D:10
    Orc (0/2) D:10        Ossuary (visited)          Bailey (visited)

Altars:
Ashenzari
Cheibriados
Dithmenos
Elyvilon
Fedhas
Gozag
Kikubaaqudgha
Makhleb
Nemelex Xobeh
Okawaru
Qazlal
Ru
Trog
Uskayaw
Vehumet
Wu Jian
Xom
Yredelemnul
Zin
The Shining One

Shops:
D:1 [


Innate Abilities, Weirdness & Mutations

You are a hulking beast.
Your limbs bulge with bestial killing power. (Slay +2)
You are too large for most types of armour.
You have claws for hands.
Your natural rate of healing is unusually fast.
You are covered in fur. (AC +1)
You have tough skin. (AC +1)


Message History

A manticore is nearby!
The manticore flicks its tail.
The volley of spikes hits you!
The barbed spikes become lodged in your body.
The barbs in your skin will harm you if you move.
Continue? [Y]es or [N]o only, please.
The barbs in your skin will harm you if you move.
Continue?
Okay, then.
Unknown command.
The barbs in your skin will harm you if you move.
Continue?
The barbed spikes dig painfully into your body as you move.
The manticore flicks its tail.
The volley of spikes hits you!!
The barbed spikes become lodged in your body.
Unknown command.
Unknown command.
The barbed spikes dig painfully into your body as you move.
The manticore bites you!! The manticore claws you. x2
You are too injured to fight recklessly!
You are too injured to fight recklessly!
Unknown command.
You are too injured to fight recklessly!
Unknown command.
You mangle the manticore!!
The manticore is heavily wounded.
The manticore bites you!
* * * LOW HITPOINT WARNING * * *
The manticore completely misses you. The manticore claws you!
* * * LOW HITPOINT WARNING * * *
Unknown command.
You claw the manticore!
The manticore is severely wounded.
You can now pass through a line of other dancers.
Unknown command.
You scratch the manticore.
The manticore is severely wounded.
The manticore bites you!
* * * LOW HITPOINT WARNING * * *
The manticore barely misses you. The manticore claws you!
You die...

### #.#####.#######.#.# #..
#.#####.##......... #.#
#.##............#.# #.#.
#....#######.......
#.#.#######.....# #...##.#
#.#.............# #...##..
#.###.####......# #...####
#####.###.####......# ###...####
................h...####<÷.......
.#####.....######H.....#)#..#####
.#......8......#...###.#†#..#
.#.............#..)###)#.#..#
.#.............#......†.....#
..................###...†...#
..8.....>.....8........>..###
#........................=..#
##.............#...##.##..###


You could see a manticore.

Vanquished Creatures
  2 two-headed ogres
  An unseen horror (D:9)
  A troll (D:10)
  A hornet (D:9)
  A slime creature (D:8)
  3 wyverns
  19 yaks
  2 spriggans (Bailey)
  2 steam dragons
  Grum (D:9)
  A basilisk (D:9)
  3 water moccasins
  2 orc warriors
  2 ice beasts
  3 sky beasts
  3 black bears
  4 wolves (D:9)
  7 ogres
  3 centaurs
  4 phantoms
  2 kobold brigands
  4 elf zombies (Ossuary)
  7 bullfrogs
  2 gnoll sergeants
  A scorpion (D:5)
  13 wights
  16 killer bees
  3 troll zombies (D:10)
  7 howler monkeys
  5 spriggan skeletons (D:9)
  A vampire bat (D:3)
  A troll skeleton (D:9)
  2 centaur zombies (Ossuary)
  4 hounds
  A human zombie (Ossuary)
  7 jellies
  3 orc priests
  A gnoll bouda (D:6)
  3 iguanas
  5 orc wizards
  5 ogre zombies (D:10)
  A hound zombie (Ossuary)
  3 mummies (Ossuary)
  6 adders
  21 gnolls
  A white imp (D:6)
  2 ufetubi (D:5)
  2 adder zombies (Ossuary)
  A worm (D:2)
  4 dart slugs
  3 fire bats (D:3)
  27 orcs
  2 spectral bats (D:3)
  16 bats
  3 bat skeletons (D:3)
  A bat zombie (D:3)
  28 endoplasms
  3 giant cockroaches
  A gnoll zombie (Ossuary)
  8 goblins
  7 hobgoblins
  4 jackals (D:4)
  20 kobolds
  4 quokkas
  5 ball pythons
  A bat simulacrum (D:3)
  6 frilled lizards
  A goblin skeleton (D:10)
  8 goblin zombies
  4 hobgoblin skeletons (D:10)
  8 hobgoblin zombies
  2 jackal zombies (Ossuary)
  4 kobold zombies (Ossuary)
  An orc skeleton (D:10)
  16 orc zombies
  3 quokka zombies (Ossuary)
  9 rats
  2 rat zombies (Ossuary)
396 creatures vanquished.

Vanquished Creatures (others)
  An orc (D:9)
1 creature vanquished.

Grand Total: 397 creatures vanquished

Notes
Turn   | Place    | Note
-------+----------+-------------------------------------------
     0 | D:1      | gruber the Troll Shapeshifter began the quest for the Orb.
     0 | D:1      | Reached XP level 1. HP: 18/18 MP: 0/0
    51 | D:1      | Got Cituuw's Elucidation of Guile and Bringing Forth
   183 | D:1      | Reached XP level 2. HP: 26/26 MP: 1/1
   277 | D:1      | Found Kagecac's Antique Armour Shoppe.
   281 | D:1      | You fall into a shaft and drop 1 floor!
   421 | D:2      | Reached skill level 4 in Unarmed Combat
   423 | D:2      | Reached XP level 3. HP: 32/32 MP: 2/2
   817 | D:2      | Identified the +0 quarterstaff "Goblinslayer" {freeze,
                  | +Blink Str+2 SInv}
  1089 | D:1      | Reached XP level 4. HP: 40/40 MP: 3/3
  1207 | D:1      | Reached skill level 5 in Unarmed Combat
  1872 | D:3      | Reached XP level 5. HP: 46/46 MP: 4/4
  1930 | D:3      | Reached skill level 6 in Unarmed Combat
  2033 | D:3      | Found a blossoming altar of Fedhas.
  2176 | D:3      | Found an ancient bone altar of Kikubaaqudgha.
  2242 | D:4      | Noticed an ogre
  2254 | D:4      | Killed an ogre
  2255 | D:4      | Reached XP level 6. HP: 45/54 MP: 5/5
  2261 | D:4      | Reached skill level 7 in Unarmed Combat
  2485 | D:4      | Reached skill level 8 in Unarmed Combat
  2511 | D:4      | Reached XP level 7. HP: 61/61 MP: 6/6
  2850 | D:4      | Found a staircase to the Ecumenical Temple.
  2875 | Temple   | Entered the Ecumenical Temple
  3006 | D:5      | Entered Level 5 of the Dungeon
  3032 | D:5      | Reached skill level 9 in Unarmed Combat
  3297 | D:5      | Reached XP level 8. HP: 68/68 MP: 7/7
  3334 | D:5      | Found a white marble altar of Elyvilon.
  3346 | D:5      | Reached skill level 10 in Unarmed Combat
  3474 | D:5      | Found an opulent altar of Gozag.
  3899 | D:6      | Found a snail-covered altar of Cheibriados.
  3944 | D:6      | Found a sand-covered staircase.
  3995 | Ossuary  | Entered an ossuary
  4030 | Ossuary  | Reached skill level 5 in Fighting
  4146 | Ossuary  | Reached XP level 9. HP: 86/88 MP: 8/8
  4449 | D:6      | Found a basalt altar of Yredelemnul.
  4909 | D:7      | Reached skill level 5 in Dodging
  5491 | D:8      | Found a radiant altar of Vehumet.
  5918 | D:8      | Reached XP level 10. HP: 96/96 MP: 9/9
  6122 | D:8      | Found a flagged portal.
  6134 | Bailey   | Entered a bailey
  6240 | Bailey   | Noticed a two-headed ogre
  6251 | Bailey   | Killed a two-headed ogre
  6252 | Bailey   | Reached skill level 11 in Unarmed Combat
  6524 | D:8      | Reached skill level 12 in Unarmed Combat
  6945 | D:9      | Found a shadowy altar of Dithmenos.
  6949 | D:9      | Noticed Grum
  6961 | D:9      | Killed Grum
  7155 | D:9      | Identified the +5 dagger of Qycil {distort, rF+ Will-
                  | Dex+2}
  7303 | D:9      | Reached skill level 13 in Unarmed Combat
  7307 | D:9      | Reached XP level 11. HP: 100/102 MP: 10/10
  7502 | D:9      | Found a hide-covered altar of Uskayaw.
  7539 | D:9      | Became a worshipper of Uskayaw the Reveller
  7577 | D:9      | Reached * piety under Uskayaw
  7708 | D:9      | Reached ** piety under Uskayaw
  7856 | D:9      | Found a shimmering altar of Xom.
  7963 | D:10     | Entered Level 10 of the Dungeon
  7973 | D:10     | Noticed a two-headed ogre
  7978 | D:10     | Killed a two-headed ogre
  7979 | D:10     | Reached skill level 14 in Unarmed Combat
  7979 | D:10     | Reached *** piety under Uskayaw
  7991 | D:10     | Reached **** piety under Uskayaw
  8000 | D:10     | Reached ***** piety under Uskayaw
  8009 | D:10     | Reached ****** piety under Uskayaw
  8221 | D:10     | Found a staircase to the Orcish Mines.
  8279 | D:10     | Found a staircase to the Lair.
  8516 | D:10     | HP: 3/110 [manticore (17)]
  8516 | D:10     | Mangled by a manticore

Illustrated notes

Levels and vault maps discovered:
D:1:      onia_arrival_pentagram, layout_loops_corners, serial_shops,
          nicolae_shop_behind_doors
D:2:      layout_loops_cross
D:3:      minmay_door_path, layout_rooms, lemuel_tele_altar,
          lemuel_coloured_pillars_altar, goddamned_bats
D:4:      layout_basic, minmay_temple_entry_antechambers,
          minmay_misc_feat_plants, cheibrodos_gnoll_hut
D:5:      layout_basic, elyvilon_altar_5, mainiacjoe_overflow_tiny_flanked,
          dreamdust_mushroom_princess
D:6:      layout_gridville, old_standard_altar, kennysheep_mini,
          nicolae_ossuary_entry_false_entrances
D:7:      layout_basic
D:8:      lemuel_slime, layout_basic, mainiacjoe_overflow_alcove_2,
          enter_bailey_4, grunt_ministairs_7, moated_statue
D:9:      layout_loops_corners, xom_butterflies,
          nicolae_dithmenos_through_a_glass_darkly, amcnicky_altar_gilded,
          hangedman_tell_no_tales, uniq_grum
D:10:     layout_loops_ring, worldfamousw_hep_ancestral_shrine,
          lemuel_crystal_altar, minmay_lair_entry_grove, zombieorc2_lemuel
Temple:   nicolae_temple_two_arcs

Skill      XL: |  1  2  3  4  5  6  7  8  9 10 11 |
---------------+----------------------------------+-----
Unarmed Combat | 4 5 6 8 9 10 13 14 | 14.0
Fighting       | 5 7 |  7.7
Dodging        | 3 7 8 |  8.1
Shapeshifting  | |  3.0

Action                     |  1- 3 |  4- 6 |  7- 9 | 10-12 || total
---------------------------+-------+-------+-------+-------++-------
  Melee: Unarmed           |    74 |   117 |   328 |   393 ||   912
         Punch             |     1 |     4 |    19 |    28 ||    52
  Throw: Dart              |       |       |       |     1 ||     1
  Evoke: Wand              |       |       |       |     2 ||     2
   Stab: Sleeping          |     1 |     2 |       |       ||     3
         Paralysed         |       |       |       |     7 ||     7
 Armour: Animal skin       |    26 |    90 |   103 |    93 ||   312
         Skin              |       |       |       |     4 ||     4
  Dodge: Dodged            |    38 |    69 |   135 |   166 ||   408
         Form:             |       |       |     1 |       ||     1
         Beast             |       |       |     1 |       ||     1

Table legend: (Time is in decaauts)
 A = Elapsed time spent in this place.
 B = Non-inter-level travel time spent in this place.
 C = Inter-level travel time spent in this place.
 D = Time resting spent in this place.
 E = Time spent auto-exploring this place.
 F = Levels seen in this place.
 G = Mean time per level.
                   A        B        C        D        E       F      G
               +--------+--------+--------+--------+--------+-----+--------+
         Total |   8332 |   8074 |    258 |    119 |   6089 |  13 |  640.9 |
       Dungeon |   7687 |   7431 |    256 |     60 |   5748 |  10 |  768.7 |
        Temple |      1 |      0 |      1 |      0 |      0 |   1 |    1.0 |
       Ossuary |    274 |    274 |      0 |      0 |    141 |   1 |  274.0 |
        Bailey |    369 |    369 |      0 |     59 |    200 |   1 |  369.0 |
               +--------+--------+--------+--------+--------+-----+--------+

Top non-repeatable levels by time:
     D:9: 1151 daAuts
     D:8: 958 daAuts
     D:1: 857 daAuts
     D:5: 833 daAuts
     D:4: 759 daAuts
     D:7: 749 daAuts
     D:3: 694 daAuts
     D:2: 670 daAuts
     D:6: 577 daAuts
    D:10: 435 daAuts
  Bailey: 369 daAuts
 Ossuary: 274 daAuts
  Temple: 1 daAuts
